 Dungeon Crawl Stone Soup version 0.30.0-5-g1a98f26d00 (webtiles) character file.

Game seed: 3248015370637874582

37421 wingedge the Tainter (level 13, -4/105 HPs)
             Began as a Demigod Wanderer on May 8, 2023.
             Slain by a catoblepas (23 damage)
             ... on level 5 of the Lair of Beasts.
             The game lasted 01:10:26 (21219 turns).

wingedge the Tainter (Demigod Wanderer)            Turns: 21219, Time: 01:10:26

Health: -4/105     AC: 14    Str: 14    XL:     13   Next: 26%
Magic:  20/28      EV:  7    Int: 41    God:
Gold:   1265       SH: 19    Dex:  8    Spells: 1/26 levels left

rFire   . . .        b - +1 broad axe (flame)
rCold   + . .        S - +2 tower shield {rC+}
rNeg    . . .        J - +0 swamp dragon scales
rPois   +            N - +2 helmet {SInv}
rElec   .            (no cloak)
rCorr   .            g - +0 pair of gloves
SInv    +            G - +0 pair of boots of Death Resistance {Rampage Int+4 Dex-3 Slay+2}
Will    +....        V - amulet of reflection Stlth
                     U - ring of wizardry
HPRegen 0.37/turn    L - +6 ring of intelligence
MPRegen 0.21/turn

%: reflection, rampage, wizardry (x1)
@: no status effects
A: high MP 1, forlorn, divine attributes
a: no special abilities


You were on level 5 of the Lair of Beasts.
You visited 3 branches of the dungeon, and saw 16 of its levels.
You also visited: Bailey and Ice Cave.

You collected 1335 gold pieces.
You spent 70 gold pieces at shops.

Inventory:

Hand Weapons
 a - the +2 spear "Ifyocaer" {venom, rF+ rN+ Dex+3}
   (You found it on level 3 of the Dungeon)

   Dex:       It affects your dexterity (+3).
   rF:        It protects you from fire.
   rN:        It protects you from negative energy.
 b - a +1 broad axe of flaming (weapon)
 h - a +2 morningstar of holy wrath
Armour
 g - a +0 pair of gloves (worn)
 r - a +1 hat of intelligence
 v - a +0 kite shield
 z - a +3 scale mail of cold resistance
 C - a +2 robe of willpower
 G - the +0 pair of boots of Death Resistance (worn) {Rampage Int+4 Dex-3 Slay+2}
   (You found it in a bailey)

   Int:       It affects your intelligence (+4).
   Dex:       It affects your dexterity (-3).
   Slay:      It affects your accuracy & damage with ranged weapons and melee
   (+2).
   Rampage:   It bestows one free step when moving towards enemies.
 J - +0 swamp dragon scales (worn)
 N - a +2 helmet of see invisible (worn)
 S - a +2 tower shield of cold resistance (worn)
Jewellery
 f - the ring of the Hero {Fly Str+4 Dex-4}
   (You found it on level 10 of the Dungeon)

   [ring of flight]

   Str:       It affects your strength (+4).
   Dex:       It affects your dexterity (-4).
   Fly:       It grants you flight.
 i - an amulet of regeneration
 L - a +6 ring of intelligence (right hand)
 T - a +4 ring of protection
 U - a ring of wizardry (left hand)
 V - an amulet of reflection (around neck)
Wands
 j - a wand of quicksilver (17)
 k - a wand of roots (8)
 E - a wand of flame (31)
 H - a wand of charming (5)
 O - a wand of polymorph (5)
 P - a wand of digging (2)
Scrolls
 c - 4 scrolls of immolation
 e - a scroll of fog
 l - 4 scrolls of enchant weapon
 o - 4 scrolls of magic mapping
 p - 2 scrolls of fear
 q - 8 scrolls of blinking
 s - 2 scrolls of silence
 w - 4 scrolls of vulnerability
 x - 4 scrolls of teleportation
 y - 3 scrolls of brand weapon
 K - 2 scrolls of torment
 R - a scroll of poison
Potions
 d - a potion of heal wounds
 n - 3 potions of lignification
 t - 6 potions of curing
 u - 2 potions of invisibility {unknown}
 A - 4 potions of brilliance
 B - a potion of flight
 D - 2 potions of ambrosia {unknown}
 F - 2 potions of degeneration {unknown}
 I - 2 potions of mutation {unknown}
 M - 2 potions of attraction {unknown}
 Q - 3 potions of might {unknown}
 W - a potion of resistance {unknown}
 X - 2 potions of haste {unknown}


   Skills:
 - Level 7.0 Fighting
 - Level 6.0 Armour
 - Level 3.0 Dodging
 + Level 6.5 Shields
 + Level 7.4 Spellcasting
 - Level 7.0 Conjurations
 + Level 8.8 Necromancy
 - Level 4.0 Transmutations
 - Level 4.0 Fire Magic
 + Level 7.7 Earth Magic
 - Level 9.0 Poison Magic


You had one spell level left.
You knew the following spells:

 Your Spells              Type           Power      Damage    Failure   Level
a - Lee's Rapid Deconstr  Erth           34%        3d17*     19%         5
b - Sting                 Tmut/Pois      100%       1d8       1%          1
c - Poisonous Vapours     Pois/Air       100%       N/A       4%          2
d - Vampiric Draining     Necr           73%        2d11      1%          3
e - Stone Arrow           Conj/Erth      100%       3d13      2%          3
f - Olgreb's Toxic Radia  Pois           73%        N/A       4%          4
h - Dispel Undead         Necr           73%        3d24      4%          4
i - Ignite Poison         Fire/Tmut/Pois 58%        N/A       4%          3

Your spell library contained the following spells:

 Spells                   Type           Power      Damage    Failure   Level
 Magic Dart               Conj           100%       1d8       1%          1
 Necrotise                Necr           100%       1d9       1%          1
 Sandblast                Erth           100%       2d20      1%          1
 Searing Ray              Conj           100%       2d8       1%          2
 Cigotuvi's Dreadful Rot  Necr/Pois/Air  100%       N/A       2%          2
 Passwall                 Tmut/Erth      49%        N/A       2%          2
 Spider Form              Tmut/Pois      62%        N/A       3%          3
 Momentum Strike          Conj/Tloc      88%        3d10      6%          2
 Inner Flame              Hex/Fire       31%        N/A       22%         3
 Volatile Blastmotes      Fire/Tloc      62%        2d15      22%         3
 Blink                    Tloc           30%        N/A       26%         2
 Ensorcelled Hibernation  Hex/Ice        30%        N/A       26%         2
 Lesser Beckoning         Tloc           30%        N/A       26%         2
 Anguish                  Hex/Necr       25%        N/A       26%         4
 Fulminant Prism          Conj/Hex       22%        3d12      36%         4
 Iskenderun's Mystic Bla  Conj/Tloc      44%        2d10      36%         4
 Ozocubu's Armour         Ice            15%        N/A       43%         3
 Death Channel            Necr           36%        N/A       52%         6
 Freezing Cloud           Conj/Ice/Air   17%        6-21      85%         5
 Yara's Violent Unravell  Hex/Tmut       15%        3d8       87%         5
 Metabolic Englaciation   Hex/Ice        7%         N/A       98%         5
 Summon Forest            Summ/Tloc      7%         N/A       98%         5
 Summon Mana Viper        Hex/Summ       15%        N/A       98%         5
 Simulacrum               Ice/Necr       25%        N/A       98%         6
 Summon Cactus Giant      Summ           7%         N/A       100%        6
 Enfeeble                 Hex            7%         N/A       100%        7


Dungeon Overview and Level Annotations

Branches:
Dungeon (11/15)            Temple (1/1) D:4            Lair (3/5) D:11
 Spider (0/4) Lair:2       Bailey (visited)           IceCv (visited)
  Swamp: Lair:2-3    Shoals: Lair:2-3       Orc: D:9-12

Shops:
D:5 *

Portals:
Trove: D:10 (give +7 demon whip)


Innate Abilities, Weirdness & Mutations

You have an increased reservoir of magic. (+10% MP)
You shall have no god before yourself.
Your divine heritage dramatically boosts your attributes as you level up.


Message History

The elephant is engulfed in calcifying dust.
The catoblepas gores you!
The +2 spear "Ifyocaer" {venom, rF+ rN+ Dex+3} stops dripping with poison.
Your +1 broad axe of flaming bursts into flame!
b - a +1 broad axe of flaming (weapon)
The catoblepas breathes a plume of calcifying dust at you.
The blast of calcifying dust hits you but does no damage.
The catoblepas gores you!!
* * * LOW HITPOINT WARNING * * *
Okay, then.
Aiming: Charm
Press: ? - help, Shift-Dir - straight line, f - catoblepas
Aim: a catoblepas (lightly wounded, extremely poisoned, chance to affect: 1%)
Okay, then.
You feel much better. You block the catoblepas's attack.
Casting: Olgreb's Toxic Radiance (dangerous; 4% risk of failure)
Confirm with . or Enter, or press ? or * to list all spells.
Okay, then.
Magic courses through your body. The catoblepas gores you!!
* * * LOW HITPOINT WARNING * * *
Casting: Olgreb's Toxic Radiance (dangerous; 4% risk of failure)
Confirm with . or Enter, or press ? or * to list all spells.
You ignite the poison in your surroundings!
The catoblepas seems to burn from within!!!
The catoblepas is almost dead.
The elephant seems to burn from within!!
The elephant is moderately wounded.
The catoblepas closely misses you.
Casting: Ignite Poison (mildly dangerous; 4% risk of failure)
Confirm with . or Enter, or press ? or * to list all spells.
Aiming: Poisonous Vapours (safe; 4% risk of failure)
Press: ? - help, Dir - move target, f - catoblepas
Aim: a catoblepas (almost dead) Poisonous vapours surround the catoblepas!
The catoblepas looks as sick as possible!
The catoblepas breathes a plume of calcifying dust at you.
The blast of calcifying dust hits you!
* * * LOW HITPOINT WARNING * * *
The catoblepas gores you!!
You die...

.....## ...
)......########$..
..................
.............§....
......†.†.........
##..####.†....#
#P.Y.#.###
#P##..Y§#...###
...$...@.......
................
................
.....#.#...#####
#...####.### ....
### ..


You could see a catoblepas (extremely poisoned) and an elephant (petrified).

Vanquished Creatures
  Gastronok (D:11)
  A white draconian (IceCv)
  2 entropy weavers (D:10)
  A hydra (Lair:5)
  3 ghost crabs (D:10)
  5 two-headed ogres
  A boulder beetle (Lair:2)
  6 fire crabs (D:10)
  A skyshark (Lair:3)
  An oklob plant (Lair:2)
  2 ice statues (IceCv)
  11 elephants
  An apocalypse crab (D:10)
  A gargoyle (Bailey)
  2 cane toads
  8 rime drakes
  Maggie (D:7)
  2 komodo dragons
  2 trolls
  6 polar bears
  A hornet (D:10)
  6 blink frogs (Lair:3)
  A dream sheep (Lair:3)
  4 culicivoras (Lair:2)
  2 shadows (D:11)
  A vampire (Bailey)
  6 wyverns
  16 yaks
  3 wraiths
  A basilisk (D:10)
  A steam dragon (D:5)
  8 vampire mosquitoes (D:11)
  8 water moccasins
  An ice beast (D:8)
  3 sky beasts
  3 orc warriors
  3 black bears
  2 ogres
  11 wolves (Lair:2)
  3 centaurs
  2 phantoms (D:6)
  4 kobold brigands
  16 bullfrogs
  A scorpion (D:5)
  3 wights (D:6)
  A lindwurm simulacrum (IceCv)
  13 killer bees
  7 vampire bats
  5 wolf zombies (Bailey)
  2 howler monkeys
  2 electric eels
  6 komodo dragon simulacra (IceCv)
  3 orc priests
  3 hounds
  3 jellies
  A gnoll bouda (D:7)
  3 iguanas
  10 orc wizards
  10 gnolls
  2 adders
  6 acid dragon simulacra (IceCv)
  2 white imps
  8 steam dragon simulacra (IceCv)
  2 ufetubi
  A worm (D:5)
  A dart slug (D:2)
  22 orcs
  A ball python (D:1)
  2 bat skeletons (D:10)
  2 bat zombies (D:10)
  4 endoplasms
  5 giant cockroaches
  7 goblins
  6 hobgoblins
  14 jackals
  4 quokkas
  3 bats
  3 frilled lizards
  19 kobolds
  18 orc zombies (Bailey)
  3 rats
372 creatures vanquished.

Vanquished Creatures (collateral kills)
  A gnoll (D:2)
  A worm (D:2)
2 creatures vanquished.

Vanquished Creatures (others)
  A wizard (D:8)
1 creature vanquished.

Grand Total: 375 creatures vanquished

Notes
Turn   | Place    | Note
-------+----------+-------------------------------------------
     0 | D:1      | wingedge the Demigod Wanderer began the quest for the Orb.
     0 | D:1      | wingedge set off with the following items: a +0 club, a
                  | potion of lignification, a +0 ring mail; and the following
                  | spells available to memorise: Necrotise, Sting, Poisonous
                  | Vapours, Vampiric Draining, Olgreb's Toxic Radiance.
     0 | D:1      | Reached XP level 1. HP: 14/14 MP: 5/5
     2 | D:1      | Learned a level 1 spell: Necrotise
     4 | D:1      | Learned a level 1 spell: Sting
  1004 | D:2      | Reached XP level 2. HP: 20/20 MP: 0/7
  1396 | D:2      | Reached skill level 2 in Poison Magic
  1396 | D:2      | Reached XP level 3. HP: 20/26 MP: 0/8
  1510 | D:2      | Reached skill level 1 in Transmutations
  1573 | D:2      | Reached XP level 4. HP: 33/33 MP: 1/9
  1836 | D:2      | You fall into a shaft and drop 1 floor!
  2148 | D:2      | Learned a level 2 spell: Poisonous Vapours
  2422 | D:3      | Identified the +2 spear "Ifyocaer" {venom, rF+ rN+ Dex+3}
  3438 | D:4      | Reached XP level 5. HP: 18/39 MP: 2/11
  3756 | D:4      | Reached skill level 1 in Fighting
  3772 | D:4      | Found a staircase to the Ecumenical Temple.
  3780 | Temple   | Entered the Ecumenical Temple
  4147 | D:5      | Entered Level 5 of the Dungeon
  4174 | D:5      | Reached skill level 3 in Poison Magic
  4513 | D:5      | Noticed a water moccasin
  4532 | D:5      | Killed a water moccasin
  4533 | D:5      | Reached XP level 6. HP: 16/48 MP: 0/13
  4617 | D:5      | Learned a level 3 spell: Vampiric Draining
  4979 | D:5      | Reached skill level 4 in Poison Magic
  5152 | D:5      | Reached XP level 7. HP: 55/55 MP: 1/14
  5469 | D:5      | Noticed a steam dragon
  5502 | D:5      | Killed a steam dragon
  5503 | D:5      | Reached skill level 1 in Conjurations
  5503 | D:5      | Reached skill level 1 in Earth Magic
  5645 | D:5      | Learned a level 3 spell: Stone Arrow
  5692 | D:5      | Found Ydoergho's General Store.
  5697 | D:5      | Bought a potion of heal wounds for 70 gold pieces
  5890 | D:6      | Reached skill level 5 in Poison Magic
  6104 | D:6      | Reached XP level 8. HP: 61/61 MP: 6/16
  6186 | D:6      | Reached skill level 5 in Necromancy
  7312 | D:6      | Learned a level 4 spell: Olgreb's Toxic Radiance
  7498 | D:7      | Noticed Maggie
  7506 | D:7      | Killed Maggie
  7926 | D:7      | Reached XP level 9. HP: 62/69 MP: 5/18
  8678 | D:8      | Reached skill level 6 in Poison Magic
  8907 | D:8      | Found a flagged portal.
  8920 | Bailey   | Entered a bailey
  9276 | Bailey   | Reached skill level 5 in Conjurations
  9320 | Bailey   | Reached skill level 5 in Armour
  9320 | Bailey   | Reached skill level 5 in Earth Magic
  9331 | Bailey   | Reached skill level 5 in Spellcasting
  9552 | Bailey   | Identified the +0 pair of boots of Death Resistance
                  | {Rampage Int+4 Dex-3 Slay+2}
  9607 | Bailey   | Learned a level 2 spell: Passwall
  9667 | Bailey   | Noticed a gargoyle
  9672 | Bailey   | Killed a gargoyle
  9896 | Bailey   | Reached skill level 1 in Shields
 11358 | D:8      | Noticed a wizard
 11363 | D:8      | Killed a wizard
 11448 | D:9      | Noticed a two-headed ogre
 11450 | D:9      | Reached XP level 10. HP: 57/77 MP: 11/21
 11578 | D:9      | Killed a two-headed ogre
 11579 | D:9      | Reached skill level 7 in Poison Magic
 11914 | D:9      | Reached skill level 1 in Dodging
 12009 | D:9      | Learned a level 4 spell: Dispel Undead
 12551 | D:9      | Noticed a two-headed ogre
 12554 | D:9      | Killed a two-headed ogre
 12741 | D:10     | Entered Level 10 of the Dungeon
 12914 | D:10     | Found a runed translucent door.
 12926 | D:10     | Noticed a two-headed ogre
 12937 | D:10     | Killed a two-headed ogre
 13640 | D:10     | Found a portal to a secret trove of treasure.
 13714 | D:10     | Noticed a fire crab
 13718 | D:10     | Killed a fire crab
 13719 | D:10     | Reached XP level 11. HP: 83/85 MP: 13/24
 13781 | D:10     | Noticed a fire crab
 13785 | D:10     | Killed a fire crab
 13843 | D:10     | Noticed a fire crab
 13848 | D:10     | Killed a fire crab
 13849 | D:10     | Reached skill level 5 in Fighting
 13918 | D:10     | Noticed a fire crab
 13918 | D:10     | Noticed an entropy weaver
 13923 | D:10     | Killed a fire crab
 13966 | D:10     | Killed an entropy weaver
 14097 | D:10     | Noticed a fire crab
 14103 | D:10     | Killed a fire crab
 14104 | D:10     | Reached skill level 8 in Poison Magic
 14107 | D:10     | Noticed a fire crab
 14113 | D:10     | Killed a fire crab
 14222 | D:10     | Noticed a ghost crab
 14229 | D:10     | Killed a ghost crab
 14299 | D:10     | Noticed a ghost crab
 14304 | D:10     | Killed a ghost crab
 14373 | D:10     | Noticed a ghost crab
 14382 | D:10     | Killed a ghost crab
 14442 | D:10     | Noticed an entropy weaver
 14449 | D:10     | Killed an entropy weaver
 14534 | D:10     | Identified the ring of the Hero {Fly Str+4 Dex-4}
 14548 | D:10     | Learned a level 3 spell: Ignite Poison
 14625 | D:11     | Found a staircase to the Lair.
 14837 | D:11     | Noticed a two-headed ogre
 14843 | D:11     | Killed a two-headed ogre
 14881 | D:11     | Reached skill level 1 in Fire Magic
 14945 | D:11     | Noticed a two-headed ogre
 14949 | D:11     | Killed a two-headed ogre
 15193 | D:11     | Noticed Gastronok
 15199 | D:11     | Killed Gastronok
 15200 | D:11     | Reached XP level 12. HP: 94/94 MP: 11/26
 15795 | Lair:1   | Entered Level 1 of the Lair of Beasts
 15934 | Lair:1   | Reached skill level 9 in Poison Magic
 15955 | Lair:1   | Reached skill level 5 in Shields
 15964 | Lair:1   | Found a frozen archway.
 16100 | IceCv    | Entered an ice cave
 16865 | IceCv    | Noticed a white draconian
 16875 | IceCv    | Killed a white draconian
 18542 | Lair:2   | Found a hole to the Spider Nest.
 19163 | Lair:2   | Learned a level 5 spell: Lee's Rapid Deconstruction
 19223 | Lair:2   | Noticed a boulder beetle
 19233 | Lair:2   | Killed a boulder beetle
 20208 | Lair:3   | Identified the +1 robe "Wixkeol" {Slay+5}
 20336 | Lair:3   | Reached XP level 13. HP: 104/104 MP: 8/27
 21194 | Lair:3   | You fall into a shaft and drop 2 floors!
 21194 | Lair:5   | Entered Level 5 of the Lair of Beasts
 21219 | Lair:5   | Slain by a catoblepas

Illustrated notes

Levels and vault maps discovered:
D:1:      tarquinn_simple_flora_water_d, layout_loops_cross
D:2:      layout_loops_ring
D:3:      layout_basic, nicolae_eternal_life, st_stairs_4, minivault_25,
          due_unseen_surprise
D:4:      layout_basic, mainiacjoe_overflow_surrounded_room,
          nemelex_xobeh_ov_fountains_minmay,
          chequers_temple_overflow_statue_of_worship, minmay_temple_entry_ruins
D:5:      layout_basic, serial_shops, kennysheep_little_box
D:6:      layout_loops_ring
D:7:      layout_rooms, nicolae_wu_jian_wuxing_cycle,
          cheibrodos_ashenzari_chains, uniq_maggie
D:8:      layout_basic, trog_wizard, kennysheep_mini_moat, enter_bailey_2,
          serial_glass, glass_columns_a, glass_columns_c, glass_columns_b,
          glass_columns_c, glass_columns_b, glass_columns_c, glass_columns_b,
          glass_columns_a, grunt_ministairs_12
D:9:      layout_gridville, old_standard_altar
D:10:     gammafunk_mikee_crab_dinner, layout_rooms, kennysheep_vampire_church,
          vehumet_altar_wand_db, mainiacjoe_overflow_24_doors,
          trove_entry_hex_spiral
D:11:     layout_roguey, lair_entry_dummy, uniq_gastronok
Temple:   chequers_temple_sunken
Lair:1:   layout_cave_pods, portal_ice_cave_rime, lemuel_old_faithful,
          grunt_megastairs_5, infiniplex_staircase_pool
Lair:2:   layout_regular_city, hellmonk_spider_entry_life_and_decay,
          eino_small_chamber_without_monster, minmay_lair_oklob_bushes,
          chequers_serial_rivers_large_b, gammafunk_lair_bear_cave
Lair:3:   layout_layer_cave, minmay_swamp_entry_reptiles,
          minmay_shattered_shrine, lemuel_fruit_tree
Lair:5:   evil_forest, layout_long_grid, serial_bayou_shore_a

Skill      XL: |  1  2  3  4  5  6  7  8  9 10 11 12 13 |
---------------+----------------------------------------+-----
Necromancy     | 2 3 4 5 7 8 |  8.8
Spellcasting   | 2 3 4 5 6 7 |  7.4
Poison Magic   | 2 3 4 5 6 7 8 9 |  9.0
Transmutations | 2 4 |  4.0
Fighting       | 2 3 4 5 6 7 |  7.0
Armour         | 4 5 6 |  6.0
Conjurations   | 2 4 5 6 7 |  7.0
Earth Magic    | 1 4 5 7 |  7.7
Shields        | 1 3 4 5 6 |  6.5
Dodging        | 1 3 |  3.0
Fire Magic     | 1 3 4 |  4.0

Action                     |  1- 3 |  4- 6 |  7- 9 | 10-12 | 13-15 || total
---------------------------+-------+-------+-------+-------+-------++-------
  Melee: Mace              |    30 |     8 |       |       |       ||    38
         Club              |     2 |       |       |       |       ||     2
         Spear             |       |    98 |    92 |    42 |     8 ||   240
         Punch             |       |     1 |     1 |       |       ||     2
         Broad axe         |       |       |    30 |    21 |       ||    51
   Cast: Necrotise         |    46 |    20 |     3 |       |       ||    69
         Sting             |     8 |    85 |     2 |       |       ||    95
         Poisonous Vapours |       |    20 |    40 |    86 |    11 ||   157
         Vampiric Draining |       |     1 |     4 |    10 |       ||    15
         Stone Arrow       |       |       |   121 |   118 |     3 ||   242
         Olgreb's Toxic Ra |       |       |    10 |    22 |     4 ||    36
         Passwall          |       |       |     2 |       |       ||     2
         Dispel Undead     |       |       |       |    23 |       ||    23
         Ignite Poison     |       |       |       |    61 |    16 ||    77
         Lee's Rapid Decon |       |       |       |       |     4 ||     4
  Evoke: Wand              |       |       |       |     1 |       ||     1
    Use: Scroll            |     3 |     4 |     6 |    14 |       ||    27
         Potion            |     2 |     1 |       |     3 |     2 ||     8
 Armour: Ring mail         |    21 |    68 |     2 |       |       ||    91
         Skin              |    11 |     6 |       |       |       ||    17
         Steam dragon scal |       |       |    21 |       |       ||    21
         Swamp dragon scal |       |       |    95 |   122 |    17 ||   234
  Dodge: Dodged            |    37 |   128 |   128 |    81 |     7 ||   381
  Block: Buckler           |       |       |     4 |     4 |       ||     8
         Kite shield       |       |       |       |    66 |       ||    66
         Tower shield      |       |       |       |    16 |    31 ||    47
         Reflection        |       |       |       |     1 |       ||     1
